 Dungeon Crawl Stone Soup version 0.30-a0-6-g7c9e10e132 (webtiles) character file.

Game seed: 15284388533990088587

198 xian the Firebug (level 5, 0/39 HPs)
             Began as a Draconian Fire Elementalist on Aug 23, 2022.
             Was a Follower of Vehumet.
             Slain by a gnoll
             ... wielding a +0 spear
             ... led by a gnoll sergeant
              (4 damage)
             ... on level 3 of the Dungeon.
             The game lasted 00:08:16 (2973 turns).

xian the Firebug (Draconian Fire Elementalist)      Turns: 2973, Time: 00:08:17

Health: 0/39       AC:  9    Str: 10    XL:     5   Next: 47%
Magic:  5/9        EV: 12    Int: 17    God:    Vehumet [*.....]
Gold:   135        SH:  0    Dex: 12    Spells: 7/10 levels left

rFire   + . .      SeeInvis .    d - +2 dagger (venom)
rCold   . . .      Faith    .    (no shield)
rNeg    . . .      Spirit   .    (body armour unavailable)
rPois   .          Reflect  .    (helmet restricted)
rElec   .          Harm     .    (no cloak)
rCorr   .          Rampage  .    (no gloves)
Will    .....                    (no boots)
Stlth   ++........               (no amulet)
HPRegen 0.13/turn                g - ring of protection from fire
MPRegen 0.11/turn                h - +4 ring of protection

@: invisible
A: AC +5, unfitting armour, cold-blooded
a: Renounce Religion


You were on level 3 of the Dungeon.
You worshipped Vehumet.
Vehumet was aware of your devotion.
You visited 1 branch of the dungeon, and saw 3 of its levels.

You collected 135 gold pieces.

Inventory:

Hand Weapons
 d - a +2 dagger of venom (weapon)
 l - a +3 dagger
Jewellery
 g - a ring of protection from fire (left hand)
 h - a +4 ring of protection (right hand)
Wands
 f - a wand of roots (8)
Potions
 a - a potion of magic
 c - a potion of berserk rage {unknown}
 e - a potion of cancellation {unknown}
 j - 4 potions of curing {unknown}
 k - a potion of degeneration {unknown}


   Skills:
 + Level 0.4 Fighting
 + Level 0.6 Short Blades
 + Level 2.3 Dodging
 + Level 2.1 Stealth
 + Level 3.2 Spellcasting
 + Level 2.1 Conjurations
 + Level 4.4 Fire Magic


You had 7 spell levels left.
You knew the following spells:

 Your Spells              Type           Power      Damage    Failure   Level
a - Foxfire               Conj/Fire      52%        2x1d6     4%          1
b - Scorch                Fire           34%        2d6       4%          2

Your spell library contained the following spells:

 Spells                   Type           Power      Damage    Failure   Level
 Shock                    Conj/Air       24%        1d4       11%         1
 Conjure Flame            Conj/Fire      13%        6-21      13%         3
 Inner Flame              Hex/Fire       10%        N/A       21%         3
 Flame Wave               Conj/Fire      13%        2d6       41%         4


Dungeon Overview and Level Annotations

Branches:
Dungeon (3/15)

Altars:
Ashenzari
Cheibriados
Dithmenos
Kikubaaqudgha
Nemelex Xobeh
Qazlal
Ru
Vehumet
Xom
The Shining One

Shops:
D:2 ([(*


Innate Abilities, Weirdness & Mutations

Your plain brown scales are hard. (AC +5)
You cannot fit into any form of body armour.
You are cold-blooded and may be slowed by cold attacks.


Message History

The gnoll hits you but does no damage. The gnoll closely misses you.
The gnoll hits you with a +0 club.
* * * LOW HITPOINT WARNING * * *
The adder bites you but does no damage.
An adder comes into view.
The gnoll sergeant shouts!
The adder hisses angrily.
The adder hisses angrily.
The adder hisses angrily.
The adder hisses angrily.
You hit the adder.
The adder is poisoned.
The adder is lightly wounded.
The adder closely misses you.
You hit the adder but do no damage.
The adder looks as sick as possible!
Your tail-slap misses the adder.
The adder is lightly wounded.
The adder closely misses you.
You kill the gnoll sergeant!
Vehumet accepts your kill.
You kill the adder!
Vehumet accepts your kill.
Your Conjurations skill increases to level 2!
You have reached level 5!
A kobold comes into view. It is wielding a +0 whip.
You barely miss the gnoll.
Your tail-slap misses the gnoll.
The gnoll is heavily wounded.
The gnoll closely misses you.
You strike the helpless gnoll from behind!
You hit the gnoll.
The gnoll is poisoned.
The gnoll is severely wounded.
You hit the gnoll.
You kill the gnoll!
Vehumet accepts your kill. Vehumet offers you knowledge of Shock.
You feel your power returning. The gnoll barely misses you.
You closely miss the gnoll.
The gnoll is lightly wounded.
The gnoll misses you.
The gnoll hits you from afar with a +0 spear.
You die...

#..........##...####...
............##..........
........#.##......######
........+. #......##
........# #..........
........####...)......
.#....#.#.............
........)g...........#
#......@g............#
#....................#
#....................
#...........#.#.....
+...........#.#.....
#...........#.# ...
#...........#
#.K..........


You could see 2 gnolls and a kobold (asleep).

Vanquished Creatures
  A gnoll sergeant (D:3)
  6 gnolls
  An adder (D:3)
  A worm (D:2)
  2 dart slugs
  An orc (D:3)
  4 ball pythons
  7 bats
  7 endoplasms
  A giant cockroach (D:3)
  10 goblins
  3 hobgoblins
  2 jackals (D:2)
  5 kobolds
  A quokka (D:2)
  5 frilled lizards
  5 rats
62 creatures vanquished.

Vanquished Creatures (others)
  152 foxfires
152 creatures vanquished.

Grand Total: 214 creatures vanquished

Notes
Turn   | Place    | Note
-------+----------+-------------------------------------------
     0 | D:1      | xian the Draconian Fire Elementalist began the quest for
                  | the Orb.
     0 | D:1      | Reached XP level 1. HP: 14/14 MP: 3/3
   110 | D:1      | Reached XP level 2. HP: 16/20 MP: 0/5
   410 | D:1      | Found a faded altar of an unknown god.
  1041 | D:1      | Reached XP level 3. HP: 23/26 MP: 0/6
  1332 | D:1      | Prayed at the altar of an unknown god.
  1332 | D:1      | Became a worshipper of Vehumet
  1332 | D:1      | Reached * piety under Vehumet
  1332 | D:1      | Offered knowledge of Freeze by Vehumet.
  1336 | D:1      | Learned a level 2 spell: Scorch
  1397 | D:2      | Found Etiquf's Armour Shoppe.
  1405 | D:2      | Found Imny's General Store.
  1754 | D:2      | Identified the +0 leather armour of the Sky {Will+ Str+3}
  1861 | D:2      | Found Xoweenk's Weapon Shop.
  1954 | D:2      | Reached skill level 4 in Fire Magic
  1956 | D:2      | Reached XP level 4. HP: 28/33 MP: 1/8
  2372 | D:2      | Found Ygedat's Antique Weapon Emporium.
  2653 | D:3      | Found a stormy altar of Qazlal.
  2733 | D:3      | Found a shadowy altar of Dithmenos.
  2771 | D:3      | Found a glowing golden altar of the Shining One.
  2772 | D:3      | Found a sparkling altar of Nemelex Xobeh.
  2777 | D:3      | Found a snail-covered altar of Cheibriados.
  2778 | D:3      | Found a broken altar of Ashenzari.
  2779 | D:3      | Found an ancient bone altar of Kikubaaqudgha.
  2781 | D:3      | Found a shimmering altar of Xom.
  2784 | D:3      | Found a sacrificial altar of Ru.
  2791 | D:3      | Noticed a gnoll sergeant
  2955 | D:3      | HP: 1/33 [gnoll/+0 club[a gnoll sergeant] (1)]
  2964 | D:3      | Killed a gnoll sergeant
  2965 | D:3      | Reached XP level 5. HP: 3/39 MP: 3/9
  2971 | D:3      | Offered knowledge of Shock by Vehumet.
  2973 | D:3      | Slain by a gnoll

Illustrated notes

Levels and vault maps discovered:
D:1:      elethiomel_arrival_infinity_welcomes_careful_drivers, layout_basic,
          hellmonk_ecumenical_altar_crossroads
D:2:      layout_basic, serial_shops, nicolae_shop_hallway_stairs,
          nicolae_shop_waterfront, shop, shop
D:3:      layout_basic, overflow_temple_1_default,
          nicolae_overflow_hallway_of_the_gods

Skill      XL: |  1  2  3  4 |
---------------+-------------+-----
Dodging        | 2 |  2.3
Stealth        | 2 |  2.1
Fire Magic     | 4 |  4.4
Spellcasting   | 3 |  3.2
Conjurations   | 2 |  2.1
Fighting       | |  0.4
Short Blades   | |  0.6

Action                   |  1- 3 |  4- 6 || total
-------------------------+-------+-------++-------
Melee: Dagger            |    29 |    18 ||    47
       Tailslap          |     5 |     3 ||     8
 Cast: Foxfire           |    59 |    31 ||    90
       Scorch            |     1 |     1 ||     2
  Use: Scroll            |     5 |     2 ||     7
       Potion            |     1 |     3 ||     4
 Stab: Sleeping          |     1 |       ||     1
       Invisible         |       |     1 ||     1
Armor: Skin              |    13 |    20 ||    33
Dodge: Dodged            |    18 |    47 ||    65

Table legend: (Time is in decaauts)
 A = Elapsed time spent in this place.
 B = Non-inter-level travel time spent in this place.
 C = Inter-level travel time spent in this place.
 D = Time resting spent in this place.
 E = Time spent auto-exploring this place.
 F = Levels seen in this place.
 G = Mean time per level.
                   A        B        C        D        E       F      G
               +--------+--------+--------+--------+--------+-----+--------+
         Total |   2969 |   2953 |     16 |    100 |   2271 |   3 |  989.7 |
       Dungeon |   2969 |   2953 |     16 |    100 |   2271 |   3 |  989.7 |
               +--------+--------+--------+--------+--------+-----+--------+

Top non-repeatable levels by time:
     D:1: 1342 daAuts
     D:2: 1301 daAuts
     D:3: 325 daAuts
